 Dungeon Crawl Stone Soup version 0.28.0-45-g0d030f2227 (webtiles) character file.

Game seed: 16770558351997014748

9 jimbutter the Chopper (level 2, -1/27 HPs)
             Began as a Minotaur Berserker on Apr 18, 2022.
             Was a Follower of Trog.
             Frozen to death by an endoplasm (5 damage)
             ... on level 2 of the Dungeon.
             The game lasted 00:00:59 (656 turns).

jimbutter the Chopper (Minotaur Berserker)           Turns: 656, Time: 00:01:00

Health: -1/27      AC:  2    Str: 21    XL:     2   Next: 3%
Magic:  1/1        EV: 12    Int:  4    God:    Trog [*.....]
Gold:   0          SH:  0    Dex:  9    Spells: 1/1 levels left

rFire   . . .      SeeInvis .   a - +0 hand axe
rCold   . . .      Faith    .   (no shield)
rNeg    . . .      Spirit   .   b - +0 animal skin
rPois   .          Reflect  .   (helmet restricted)
rElec   .          Harm     .   (no cloak)
rCorr   .          Rampage  .   (no gloves)
Will    .....                   (no boots)
Stlth   +.........              (no amulet)
HPRegen 0.09/turn               (no ring)
MPRegen 0.07/turn               (no ring)

@: no status effects
A: horns 2, retaliatory headbutt
a: Renounce Religion, Berserk


You were on level 2 of the Dungeon.
You worshipped Trog.
Trog was aware of your devotion.
You visited 1 branch of the dungeon, and saw 2 of its levels.

Inventory:

Hand Weapons
 a - a +0 hand axe (weapon)
Armour
 b - a +0 animal skin (worn)


   Skills:
 + Level 3.8 Fighting
 * Level 4.0 Axes
 - Level 2.4 Armour
 + Level 2.4 Dodging


You had one spell level left.
You didn't know any spells.
Your spell library was empty.

Dungeon Overview and Level Annotations

Branches:
Dungeon (2/15)

Altars:


Innate Abilities, Weirdness & Mutations

You have a pair of horns on your head.
You reflexively headbutt those who attack you in melee.


Message History

You have reached level 2!
Things that are here:
a +0 club; a goblin corpse You see here a +0 club.
c - a scroll labelled JASUDA RAACSOF A gnoll comes into view.
It is wielding a +0 flail.
The gnoll barely misses you.
You hit the gnoll but do no damage. The gnoll hits you with a +0 flail!
You completely miss the gnoll. The gnoll hits you with a +0 flail.
You barely miss the gnoll. You headbutt the gnoll.
The gnoll is heavily wounded.
The gnoll barely misses you. The gnoll hits you with a +0 flail.
You barely miss the gnoll. You headbutt the gnoll.
The gnoll is heavily wounded.
The gnoll hits you with a +0 flail!
* * * LOW HITPOINT WARNING * * *
You aren't carrying any potions.
Blink to where?
Press: ? - help, Dir - move target
As you read the scroll labelled JASUDA RAACSOF, it crumbles to dust.
It was a scroll of blinking.
You see here a +0 club.
Things that are here:
a +0 club; a goblin corpse
There is a stone staircase leading down here.
You climb downwards.
The endoplasm quivers.
There is a stone staircase leading up here.
The endoplasm quivers.
You hit the endoplasm.
You headbutt the endoplasm, but do no damage.
The endoplasm is moderately wounded.
The endoplasm closely misses you.
You fail to use your ability.
The endoplasm closely misses you. You furiously retaliate!
You headbutt the endoplasm!
You kill the endoplasm!
Trog accepts your kill. The endoplasm freezes you.
You are frozen.
You die...

#########
#.......#
#.⌠.⌠.⌠.#
#.......#
#@.......
#J......#
#.⌠.⌠.⌠.#
#.......#
#########


You could see an endoplasm.

Vanquished Creatures
  A dart slug (D:1)
  A ball python (D:1)
  An endoplasm (D:2)
  2 goblins (D:1)
  A kobold (D:1)
  A frilled lizard (D:1)
7 creatures vanquished.

Notes
Turn   | Place    | Note
-------+----------+-------------------------------------------
     0 | D:1      | jimbutter the Minotaur Berserker began the quest for the
                  | Orb.
     0 | D:1      | Reached XP level 1. HP: 19/19 MP: 0/0
    19 | D:1      | Found a faded altar of an unknown god.
   567 | D:1      | Reached skill level 4 in Axes
   570 | D:1      | Reached XP level 2. HP: 26/27 MP: 1/1
   656 | D:2      | Frozen to death by an endoplasm

Illustrated notes

Levels and vault maps discovered:
D:1:      amcnicky_arrival_blooded_trapdoor, layout_loops_ring, serial_forest,
          infiniplex_forest_clump_C, infiniplex_forest_lined_ring,
          infiniplex_forest_split, infiniplex_forest_end_double,
          infiniplex_forest_clump_double, infiniplex_forest_straight_3,
          infiniplex_forest_clump_long, ebering_ecumenical_altar_ruins,
          hangedman_decor_growths
D:2:      layout_loops_ring, grunt_ministairs_3, minmay_tromino_v2, uniq_robin

Skill      XL: |  1 |
---------------+----+-----
Axes           | 4 |  4.0
Fighting       | |  3.8
Armour         | |  2.4
Dodging        | |  2.4

Action                   || total
-------------------------++-------
Melee: Hand axe          ||    30
       Headbutt          ||     7
  Use: Scroll            ||     1
Armor: Animal skin       ||     1
Dodge: Dodged            ||    18
